 Dungeon Crawl Stone Soup version 0.30-a0-862-g1aabd4f9c5 (webtiles) character file.

Game seed: 16883377310942584144

88 Maxmaps the Ducker (level 4, 0/41 HPs)
             Began as a Gnoll Monk on Mar 9, 2023.
             Slain by a quokka (3 damage)
             ... on level 3 of the Dungeon.
             The game lasted 00:01:49 (1880 turns).

Maxmaps the Ducker (Gnoll Monk)                     Turns: 1880, Time: 00:01:50

Health: 0/41       AC:  2    Str: 11    XL:     4   Next: 54%
Magic:  5/5        EV: 15    Int: 11    God:
Gold:   123        SH:  0    Dex: 14    Spells: 5/5 levels left

rFire   . . .      SeeInvis .    a - +0 falchion
rCold   . . .      Faith    .    (no shield)
rNeg    . . .      Spirit   .    b - +0 robe
rPois   .          Reflect  .    (no helmet)
rElec   .          Rampage  .    (no cloak)
rCorr   .                        (no gloves)
Will    .....                    (no boots)
Stlth   +++                      (no amulet)
HPRegen 0.26/turn                (no ring)
MPRegen 0.09/turn                (no ring)

@: no status effects
A: fangs 1, strong nose, distributed training
a: no special abilities


You were on level 3 of the Dungeon.
You visited 1 branch of the dungeon, and saw 3 of its levels.

You collected 123 gold pieces.

Inventory:

Hand Weapons
 a - a +0 falchion (weapon)
Armour
 b - a +0 robe (worn)
Scrolls
 d - a scroll of immolation {unknown}
 e - a scroll of amnesia {unknown}
 f - a scroll of teleportation {unknown}
 h - 3 scrolls of identify {unknown}
 j - a scroll of fear {unknown}
 k - a scroll of magic mapping {unknown}
 l - 2 scrolls of enchant weapon {unknown}
 n - a scroll of brand weapon {unknown}
 o - a scroll of vulnerability {unknown}
Potions
 c - a potion of ambrosia
 g - a potion of curing {unknown}
 i - a potion of might {unknown}
 m - 2 potions of heal wounds {unknown}


   Skills:
 + Level 6.6 Fighting
 + Level 1.2 Short Blades
 + Level 6.6 Long Blades
 + Level 1.2 Axes
 + Level 1.2 Maces & Flails
 + Level 1.2 Polearms
 + Level 1.2 Staves
 + Level 1.2 Ranged Weapons
 + Level 1.2 Throwing
 + Level 1.2 Armour
 + Level 6.6 Dodging
 + Level 4.3 Stealth
 + Level 1.2 Shields
 + Level 1.2 Unarmed Combat
 + Level 1.2 Spellcasting
 + Level 1.0 Conjurations
 + Level 1.0 Hexes
 + Level 1.0 Summonings
 + Level 1.0 Necromancy
 + Level 1.0 Translocations
 + Level 1.0 Transmutations
 + Level 1.0 Fire Magic
 + Level 1.0 Ice Magic
 + Level 1.0 Air Magic
 + Level 1.0 Earth Magic
 + Level 1.0 Poison Magic
 + Level 1.3 Invocations
 + Level 1.2 Evocations


You had 5 spell levels left.
You didn't know any spells.
Your spell library was empty.

Dungeon Overview and Level Annotations

Branches:
Dungeon (3/15)

Altars:

Shops:
D:1 :


Innate Abilities, Weirdness & Mutations

You have very sharp teeth.
Your uncanny sense of smell can sniff out nearby items.
Your experience applies equally to all skills.


Message History

You hit the gnoll.
You kill the gnoll!
The quokka bites you.
The gnoll hits you from afar with a +0 spear.
You hit the gnoll.
The gnoll is moderately wounded.
The quokka completely misses you. The gnoll closely misses you.
The gnoll hits you but does no damage. The quokka barely misses you.
You hit the gnoll but do no damage.
The gnoll is moderately wounded.
The quokka closely misses you.
The gnoll hits you from afar with a +0 spear!
* * * LOW HITPOINT WARNING * * *
The gnoll barely misses you.
You closely miss the gnoll.
The gnoll is moderately wounded.
A giant cockroach comes into view.
The quokka barely misses you. The orc misses you. The gnoll misses you.
The gnoll closely misses you.
You hit the gnoll.
The gnoll is heavily wounded.
The quokka closely misses you. The orc closely misses you.
The gnoll barely misses you. x2
You hit the gnoll but do no damage.
The gnoll is heavily wounded.
The quokka barely misses you.
The gnoll hits you from afar with a +0 spear.
* * * LOW HITPOINT WARNING * * *
The orc closely misses you. The gnoll hits you with a +0 flail.
* * * LOW HITPOINT WARNING * * *
You hit the gnoll but do no damage. You bite the gnoll, but do no damage.
The gnoll is heavily wounded.
The quokka bites you.
* * * LOW HITPOINT WARNING * * *
The gnoll barely misses you. The orc closely misses you.
The gnoll barely misses you.
You closely miss the gnoll.
The gnoll is heavily wounded.
The quokka completely misses you. The quokka bites you.
You die...

#.#.# ....#..
....#.. .$.....
....... w....#
##r...# #@og..#
#.# #g#B..:.. ..#
#.# ###.. ... #.#
#.# #.# #.# #.#
.#.#### #.#
.#.##.## #.#
.....#.#########.#


You could see a worm, 2 gnolls, an orc, a quokka and a giant cockroach.

Vanquished Creatures
  2 gnolls (D:3)
  2 adders
  A worm (D:3)
  An orc (D:3)
  7 ball pythons
  3 bats
  5 endoplasms
  2 giant cockroaches
  3 goblins
  A hobgoblin (D:3)
  4 jackals (D:1)
  3 quokkas
  4 kobolds
  3 rats
41 creatures vanquished.

Notes
Turn   | Place    | Note
-------+----------+-------------------------------------------
     0 | D:1      | Maxmaps the Gnoll Monk began the quest for the Orb.
     0 | D:1      | Reached XP level 1. HP: 23/23 MP: 1/1
   162 | D:1      | Reached XP level 2. HP: 29/29 MP: 2/2
   272 | D:1      | Found Ashopys's Book Shoppe.
   584 | D:1      | Reached XP level 3. HP: 34/35 MP: 3/3
  1257 | D:2      | Reached skill level 1 in Invocations
  1402 | D:2      | Reached skill level 1 in Short Blades
  1402 | D:2      | Reached skill level 1 in Axes
  1402 | D:2      | Reached skill level 1 in Maces & Flails
  1402 | D:2      | Reached skill level 1 in Polearms
  1402 | D:2      | Reached skill level 1 in Staves
  1402 | D:2      | Reached skill level 1 in Ranged Weapons
  1402 | D:2      | Reached skill level 1 in Throwing
  1402 | D:2      | Reached skill level 1 in Armour
  1402 | D:2      | Reached skill level 1 in Shields
  1402 | D:2      | Reached skill level 1 in Unarmed Combat
  1402 | D:2      | Reached skill level 1 in Spellcasting
  1402 | D:2      | Reached skill level 1 in Evocations
  1764 | D:3      | Reached XP level 4. HP: 34/41 MP: 5/5
  1871 | D:3      | Reached skill level 1 in Conjurations
  1871 | D:3      | Reached skill level 1 in Hexes
  1871 | D:3      | Reached skill level 1 in Summonings
  1871 | D:3      | Reached skill level 1 in Necromancy
  1871 | D:3      | Reached skill level 1 in Translocations
  1871 | D:3      | Reached skill level 1 in Transmutations
  1871 | D:3      | Reached skill level 1 in Fire Magic
  1871 | D:3      | Reached skill level 1 in Ice Magic
  1871 | D:3      | Reached skill level 1 in Air Magic
  1871 | D:3      | Reached skill level 1 in Earth Magic
  1871 | D:3      | Reached skill level 1 in Poison Magic
  1879 | D:3      | HP: 2/41 [quokka (1)]
  1880 | D:3      | Slain by a quokka

Illustrated notes

Levels and vault maps discovered:
D:1:      roderic_chinese_lattice_arrival, layout_loops_ring, serial_shops,
          nicolae_shop_trees
D:2:      layout_basic, minmay_bisected
D:3:      layout_loops_ring, uniq_natasha

Skill      XL: |  1  2  3  4 |
---------------+-------------+-----
Invocations    | 1 |  1.3
Short Blades   | 1 |  1.2
Axes           | 1 |  1.2
Maces & Flails | 1 |  1.2
Polearms       | 1 |  1.2
Staves         | 1 |  1.2
Ranged Weapons | 1 |  1.2
Throwing       | 1 |  1.2
Armour         | 1 |  1.2
Shields        | 1 |  1.2
Unarmed Combat | 1 |  1.2
Spellcasting   | 1 |  1.2
Evocations     | 1 |  1.2
Conjurations   | 1 |  1.0
Hexes          | 1 |  1.0
Summonings     | 1 |  1.0
Necromancy     | 1 |  1.0
Translocations | 1 |  1.0
Transmutations | 1 |  1.0
Fire Magic     | 1 |  1.0
Ice Magic      | 1 |  1.0
Air Magic      | 1 |  1.0
Earth Magic    | 1 |  1.0
Poison Magic   | 1 |  1.0
Fighting       | |  6.6
Long Blades    | |  6.6
Dodging        | |  6.6
Stealth        | |  4.3

Action                     |  1- 3 |  4- 6 || total
---------------------------+-------+-------++-------
  Melee: Falchion          |   116 |    22 ||   138
         Bite              |    11 |     1 ||    12
         Punch             |       |     1 ||     1
   Stab: Sleeping          |     7 |       ||     7
 Armour: Robe              |     8 |     2 ||    10
  Dodge: Dodged            |    92 |    34 ||   126

Table legend: (Time is in decaauts)
 A = Elapsed time spent in this place.
 B = Non-inter-level travel time spent in this place.
 C = Inter-level travel time spent in this place.
 D = Time resting spent in this place.
 E = Time spent auto-exploring this place.
 F = Levels seen in this place.
 G = Mean time per level.
                   A        B        C        D        E       F      G
               +--------+--------+--------+--------+--------+-----+--------+
         Total |   1876 |   1792 |     84 |    132 |   1337 |   3 |  625.3 |
       Dungeon |   1876 |   1792 |     84 |    132 |   1337 |   3 |  625.3 |
               +--------+--------+--------+--------+--------+-----+--------+

Top non-repeatable levels by time:
     D:1: 845 daAuts
     D:2: 809 daAuts
     D:3: 220 daAuts
